 Dungeon Crawl Stone Soup version 0.21.1-1-g345015f (webtiles) character file.

19339 tidbits the Thaumaturge (level 12, -7/94 HPs)
             Began as a Gnoll Skald on June 19, 2018.
             Was a High Priest of Cheibriados.
             Mangled by an alligator snapping turtle (41 damage)
             ... on level 4 of the Shoals on June 20, 2018.
             The game lasted 00:47:37 (3374 turns).

tidbits the Thaumaturge (Gnoll Skald)               Turns: 3374, Time: 00:47:38

Health: -7/94      AC: 14    Str: 26    XL:     12   Next: 68%
Magic:  20/25      EV: 20    Int: 31    God:    Cheibriados [*****.]
Gold:   550        SH:  0    Dex: 25    Spells: 11/29 levels left

rFire    . . .     SeeInvis +   y - +11 plutonium sword {*Contam Stlth-}
rCold    + . .     Gourm    .   (shield currently unavailable)
rNeg     . . .     Faith    .   B - +2 ring mail {rC+}
rPois    +         Spirit   .   E - +0 helmet
rElec    .         Reflect  .   C - +2 cloak
rCorr    .         Harm     .   G - +0 pair of gloves
MR       .....                  (no boots)
Stlth    +++.......             R - amulet of regeneration
HPRegen  0.65/turn              P - ring of poison resistance
MPRegen  0.19/turn              I - ring of see invisible

@: singing, mesmerised, very slow
A: distributed training, fangs 1, strong nose
a: Bend Time, Temporal Distortion, Slouch, Step From Time, Renounce Religion


You were on level 4 of the Shoals.
You worshipped Cheibriados.
Cheibriados was extremely pleased with you.
You were not hungry.

You visited 4 branches of the dungeon, and saw 21 of its levels.
You also visited: Ossuary.

You collected 550 gold pieces.

Inventory:

Hand Weapons
 b - the +6 dagger of Wondrous Power {elec, rElec rPois Dex+6 Stlth-, unknown}
   (You found it on level 2 of the Shoals)

   Occasionally, upon striking a foe, it will discharge some electrical energy
   and cause terrible harm.
   It affects your dexterity (+6).
   It insulates you from electricity.
   It protects you from poison.
   It makes you less stealthy.
 s - a +4 dagger of electrocution
   (You took it off an orc wizard on level 10 of the Dungeon)
 y - the +11 plutonium sword (weapon) {*Contam Stlth-}
   (You found it on level 8 of the Dungeon)

   It causes magical contamination when unequipped.
   It makes you less stealthy.
 W - a +1 dagger of venom
   (You took it off a wight on level 11 of the Dungeon)
 X - a +0 broad axe
Missiles
 d - 2 silver tomahawks
 p - 5 javelins (quivered)
 N - 11 arrows
 O - 17 sling bullets
Armour
 B - a +2 ring mail of cold resistance (worn)
   (You took it off Joseph on level 8 of the Dungeon)
 C - a +2 cloak (worn)
 E - a +0 helmet (worn)
 G - a +0 pair of gloves (worn)
Jewellery
 I - a ring of see invisible (right hand)
   (You found it on level 1 of the Dungeon)
 P - a ring of poison resistance (left hand)
   (You found it on level 1 of the Dungeon)
 R - an amulet of regeneration (around neck)
   (You found it on level 3 of the Lair of Beasts)
Wands
 n - a wand of paralysis (17)
 u - a wand of digging (13)
 w - a wand of polymorph (13)
 z - a wand of disintegration (7)
 A - a wand of iceblast (28)
 Q - a wand of acid (5)
Scrolls
 a - a scroll of noise {unknown}
 e - a scroll of holy word
 h - 4 scrolls of teleportation
 j - 2 scrolls of amnesia
 l - a scroll of immolation
 m - 3 scrolls of blinking
 q - a scroll of fog
 r - 4 scrolls of remove curse
 F - a scroll of fear
 J - a scroll of acquirement {unknown}
 L - a scroll of random uselessness {unknown}
 M - 2 scrolls of torment {unknown}
 U - 5 scrolls of enchant weapon
 Y - a scroll of vulnerability
Potions
 f - a potion of flight {unknown}
 g - a potion of ambrosia {unknown}
 k - 4 potions of curing {unknown}
 o - 2 potions of magic
 t - 2 potions of might {unknown}
 x - 4 potions of lignification {unknown}
 D - a potion of invisibility {unknown}
 H - 2 potions of cancellation {unknown}
 K - 2 potions of brilliance {unknown}
 S - a potion of heal wounds
Books
 v - a book of Cantrips
   (You found it on level 5 of the Dungeon)

   Spells                             Type                      Level
   a - Confusing Touch                Hexes                        1
   b - Animate Skeleton               Necromancy                   1
   c - Summon Small Mammal            Summoning                    1
   d - Apportation                    Translocation                1
 T - a book of Minor Magic
   (You found it on level 9 of the Dungeon)

   Spells                             Type                      Level
   a - Magic Dart                     Conjuration                  1
   b - Blink                          Translocation                2
   c - Call Imp                       Summoning                    2
   d - Slow                           Hexes                        2
   e - Conjure Flame                  Conjuration/Fire             3
   f - Mephitic Cloud                 Conjuration/Poison/Air       3
 Z - a book of Changes
   (You found it on level 10 of the Dungeon)

   Spells                             Type                      Level
   a - Beastly Appendage              Transmutation                1
   b - Sticks to Snakes               Transmutation                2
   c - Spider Form                    Transmutation/Poison         3
   d - Ice Form                       Ice/Transmutation            4
   e - Blade Hands                    Transmutation                5
Miscellaneous
 i - a phantom mirror
 V - a box of beasts
Comestibles
 c - 13 rations


   Skills:
 + Level 8.8 Fighting
 + Level 7.4 Short Blades
 + Level 7.4 Long Blades
 + Level 8.8 Axes
 + Level 7.4 Maces & Flails
 + Level 7.4 Polearms
 + Level 7.4 Staves
 + Level 7.4 Slings
 + Level 7.4 Bows
 + Level 7.4 Crossbows
 + Level 7.4 Throwing
 + Level 7.9 Armour
 + Level 8.8 Dodging
 + Level 7.4 Stealth
 + Level 7.4 Shields
 + Level 7.4 Unarmed Combat
 + Level 9.0 Spellcasting
 + Level 6.1 Conjurations
 + Level 6.1 Hexes
 + Level 8.3 Charms
 + Level 6.1 Summonings
 + Level 6.1 Necromancy
 + Level 6.1 Translocations
 + Level 6.1 Transmutations
 + Level 6.1 Fire Magic
 + Level 6.1 Ice Magic
 + Level 6.1 Air Magic
 + Level 6.1 Earth Magic
 + Level 6.1 Poison Magic
 + Level 8.1 Invocations
 + Level 7.4 Evocations


You had 11 spell levels left.
You knew the following spells:

 Your Spells              Type           Power        Failure   Level  Hunger
b - Blink                 Tloc           N/A          1%          2    None
g - Shroud of Golubria    Chrm/Tloc      ######....   1%          2    None
i - Infusion              Chrm           ####         1%          1    None
m - Mephitic Cloud        Conj/Pois/Air  ######..     1%          3    None
n - Animate Skeleton      Necr           N/A          1%          1    None
r - Regeneration          Chrm/Necr      ######....   1%          3    None
w - Spectral Weapon       Hex/Chrm       ######..     1%          3    None
y - Song of Slaying       Chrm           ######..     1%          2    None
A - Apportation           Tloc           ######       1%          1    None


Dungeon Overview and Level Annotations

Branches:
Dungeon (12/15)            Temple (1/1) D:4            Lair (4/6) D:10
 Shoals (4/4) Lair:4
  Snake: Lair:2-4    Spider: Lair:2-4       Orc: D:9-12

Altars:
Cheibriados
Elyvilon
Gozag
Kikubaaqudgha
Makhleb
Nemelex Xobeh
Okawaru
Qazlal
Uskayaw
Vehumet
Wu Jian
Xom
Yredelemnul
Zin
The Shining One

Annotations:
Shoals:4 Ilsuiw


Innate Abilities, Weirdness & Mutations

Your experience applies equally to all skills.
You have very sharp teeth.
Your uncanny sense of smell can sniff out nearby items.


Message History

Unknown command.
Unknown command.
Casting: Spectral Weapon
Confirm with . or Enter, or press ? or * to list all spells.
Aiming: Mephitic Cloud
Press: ? - help, Shift-Dir - straight line, f/p - merfolk aquamancer
Aim: a merfolk aquamancer, wielding a rapier and wearing a robe (moderately wounded)
The ball explodes into a vile cloud!
The stinking cloud engulfs the merfolk aquamancer.
The merfolk aquamancer is moderately wounded.
The stinking cloud engulfs the merfolk javelineer.
The merfolk javelineer is lightly wounded.
The stinking cloud engulfs the alligator snapping turtle. x2
The stinking cloud engulfs the sea snake.
The sea snake is moderately wounded.
You hear a shout!
The sea snake is engulfed in noxious fumes.
The sea snake appears confused.
Ilsuiw hits you from afar with a trident of freezing.
The sea snake is engulfed in noxious fumes.
The sea snake appears confused.
The merfolk hits you but does no damage.
The alligator snapping turtle is engulfed in noxious fumes.
The alligator snapping turtle appears confused.
The merfolk javelineer is engulfed in noxious fumes.
The merfolk aquamancer is engulfed in noxious fumes.
The merfolk aquamancer appears confused.
The alligator snapping turtle misses you.
The sea snake is engulfed in noxious fumes.
A merfolk siren comes into view. It is wielding a spear.
You barely miss the sea snake.
The sea snake is moderately wounded.
Your spectral weapon hits the sea snake!!
The sea snake is engulfed in noxious fumes.
The sea snake bites your spectral weapon.
Your spectral weapon shares its damage with you!
The merfolk aquamancer is engulfed in noxious fumes.
The merfolk aquamancer appears confused.
Ilsuiw hits you from afar with a trident of freezing.
The merfolk siren chants a haunting song.
You are mesmerised by the merfolk siren!
The alligator snapping turtle is engulfed in noxious fumes.
The alligator snapping turtle appears confused.
The alligator snapping turtle bites the merfolk aquamancer!!
The merfolk barely misses you.
The merfolk javelineer is engulfed in noxious fumes.
The merfolk javelineer appears confused.
The merfolk javelineer completely misses Ilsuiw.
The sea snake is engulfed in noxious fumes.
The sea snake bites you but does no damage.
The alligator snapping turtle barely misses you.
The merfolk aquamancer is engulfed in noxious fumes.
The merfolk aquamancer appears confused.
The merfolk aquamancer hits the merfolk javelineer with a rapier!
Ilsuiw hits you but does no damage.
The alligator snapping turtle is engulfed in noxious fumes.
The alligator snapping turtle appears confused.
The merfolk siren chants its luring song.
A merfolk comes into view. It is wielding a trident.
Okay, then.
Unknown command.
Magic courses through your body.
The merfolk javelineer is engulfed in noxious fumes.
The merfolk javelineer hits the sea snake with a spear.
The sea snake is engulfed in noxious fumes.
The sea snake bites you but does no damage.
The merfolk misses you.
The alligator snapping turtle bites you from afar!!
* * * LOW HITPOINT WARNING * * *
The merfolk aquamancer hits the merfolk javelineer with a rapier.
The merfolk siren chants its luring song.
Ilsuiw misses you.
A manticore comes into view.
Really harm your spectral weapon?
You can feel time thicken for a moment.
You kill the sea snake!
Cheibriados thoroughly appreciates the change of pace.
Your Spellcasting skill increases to level 9!
You kill the merfolk aquamancer!
Cheibriados thoroughly appreciates the change of pace.
Your spectral weapon fades away.
You feel somewhat more hungry.
Cheibriados lowers the support of your attributes as your movement quickens.
The merfolk javelineer is engulfed in noxious fumes.
The merfolk hits you from afar with a trident.
* * * LOW HITPOINT WARNING * * *
The alligator snapping turtle bites you from afar!!
* * * LOW HITPOINT WARNING * * *
The merfolk siren chants its luring song.
Unknown command.
You feel much better.
The merfolk impaler is engulfed in noxious fumes.
The merfolk impaler closely misses you. Ilsuiw hits you but does no damage.
The merfolk javelineer hits the merfolk impaler with a spear!
The merfolk misses you. The merfolk completely misses you.
The merfolk impaler is engulfed in noxious fumes.
The merfolk impaler misses you.
The merfolk siren chants its luring song.
The alligator snapping turtle bites you from afar!!!
You die...

.. ..... ≈. ....
#m# ##...##...
#^.....#.
#......m### ≈≈.
#....mm#≈###..≈≈
##....mm§@.m..≈≈≈
#≈....§(§....<≈≈≈
##....tt§.m...≈m≈
#....).........≈≈≈
#..............≈≈≈
...........H..≈≈≈≈
........≈≈≈≈.≈≈≈≈≈
........≈≈≈≈≈≈≈≈≈≈
....≈≈≈≈≈≈≈≈≈≈≈≈≈


You could see Ilsuiw, 2 alligator snapping turtles, a merfolk impaler, a merfolk
javelineer (confused), 3 merfolk, a manticore and a merfolk siren.

Vanquished Creatures
  The ghost of teukkam the Grappler, a journeyman TrMo (Lair:2)
  A merfolk impaler (Shoals:2)
  A hydra (Lair:2)
  2 merfolk aquamancers (Shoals:4)
  The ghost of Bnni the Covert, a journeyman OpAs of Dithmenos (D:10)
  3 two-headed ogres
  4 sea snakes
  An unseen horror (D:12)
  An ugly thing (D:11)
  A manticore (Shoals:4)
  A cyclops (D:11)
  Joseph (D:8)
  3 merfolk sirens
  A spiny frog (Lair:2)
  2 komodo dragons
  4 merfolk
  A troll (D:10)
  A wind drake (Shoals:4)
  A dream sheep (Lair:2)
  A snapping turtle (Lair:4)
  A hippogriff (Shoals:1)
  A spriggan (D:7)
  5 yaks (Lair:2)
  A shadow (D:12)
  A basilisk (Lair:3)
  A hungry ghost (D:7)
  A swamp worm (Shoals:2)
  A soldier ant (D:10)
  2 water moccasins
  3 porcupines (Lair:2)
  A sky beast (D:11)
  An orc warrior (D:6)
  4 ice beasts
  A black bear (D:10)
  A phantom (D:8)
  A centaur (D:9)
  5 ogres
  A crocodile (Lair:2)
  A big kobold (D:8)
  An elf zombie (Ossuary)
  4 bullfrogs
  A scorpion (D:6)
  5 wights (D:11)
  An electric eel (Lair:4)
  2 howler monkeys
  4 crimson imps
  4 centaur zombies (Ossuary)
  3 hounds
  4 human zombies (Ossuary)
  A bullfrog zombie (D:11)
  2 centaur skeletons
  7 orc priests
  2 jellies
  6 orc wizards
  2 bullfrog skeletons
  2 iguanas
  3 worker ants
  A hound zombie (D:10)
  2 hound skeletons
  3 mummies (Ossuary)
  A worker ant zombie (D:8)
  7 adders
  3 shadow imps
  2 adder zombies (Ossuary)
  A leopard gecko (D:7)
  8 orcs
  3 giant cockroaches
  3 goblins
  3 hobgoblins
  6 jackals
  4 quokkas
  2 goblin zombies (Ossuary)
  5 hobgoblin zombies (Ossuary)
  3 jackal zombies (Ossuary)
  11 kobolds
  2 kobold zombies (Ossuary)
  An orc zombie (Ossuary)
  6 quokka zombies
  A rat (D:1)
  2 rat zombies (Ossuary)
  A spectral weapon (Shoals:4)
200 creatures vanquished.

Vanquished Creatures (collateral kills)
  An orc wizard (D:6)
1 creature vanquished.

Vanquished Creatures (others)
  A quokka skeleton (D:7)
  A fungus (Lair:2)
  3 plants
  A spectral weapon (D:6)
6 creatures vanquished.

Grand Total: 207 creatures vanquished

Notes
Turn   | Place    | Note
-------+----------+-------------------------------------------
     0 | D:1      | tidbits the Gnoll Skald began the quest for the Orb.
     0 | D:1      | Reached XP level 1. HP: 20/20 MP: 6/6
   155 | D:1      | Reached XP level 2. HP: 18/26 MP: 2/7
   265 | D:2      | Found a radiant altar of Vehumet.
   267 | D:2      | Found an iron altar of Okawaru.
   268 | D:2      | Found a white marble altar of Elyvilon.
   269 | D:2      | Found a glowing silver altar of Zin.
   415 | D:3      | Reached skill level 5 in Spellcasting
   415 | D:3      | Reached skill level 1 in Invocations
   415 | D:3      | Reached XP level 3. HP: 16/31 MP: 2/9
   420 | D:3      | Learned a level 3 spell: Regeneration
   424 | D:3      | Reached skill level 1 in Short Blades
   424 | D:3      | Reached skill level 1 in Long Blades
   424 | D:3      | Reached skill level 1 in Maces & Flails
   424 | D:3      | Reached skill level 1 in Polearms
   424 | D:3      | Reached skill level 1 in Staves
   424 | D:3      | Reached skill level 1 in Slings
   424 | D:3      | Reached skill level 1 in Bows
   424 | D:3      | Reached skill level 1 in Crossbows
   424 | D:3      | Reached skill level 1 in Throwing
   424 | D:3      | Reached skill level 1 in Stealth
   424 | D:3      | Reached skill level 1 in Shields
   424 | D:3      | Reached skill level 1 in Unarmed Combat
   424 | D:3      | Reached skill level 1 in Evocations
   424 | D:3      | Reached XP level 4. HP: 17/38 MP: 1/11
   485 | D:4      | Found a staircase to the Ecumenical Temple.
   496 | Temple   | Entered the Ecumenical Temple
   502 | Temple   | Learned a level 2 spell: Song of Slaying
   505 | Temple   | Learned a level 2 spell: Shroud of Golubria
   509 | Temple   | Learned a level 3 spell: Spectral Weapon
   535 | Temple   | Became a worshipper of Cheibriados the Contemplative
   600 | D:5      | Entered Level 5 of the Dungeon
   641 | D:5      | Noticed an ogre
   656 | D:5      | Killed an ogre
   656 | D:5      | Reached skill level 3 in Armour
   656 | D:5      | Reached skill level 1 in Conjurations
   656 | D:5      | Reached skill level 1 in Hexes
   656 | D:5      | Reached skill level 1 in Summonings
   656 | D:5      | Reached skill level 1 in Necromancy
   656 | D:5      | Reached skill level 1 in Translocations
   656 | D:5      | Reached skill level 1 in Transmutations
   656 | D:5      | Reached skill level 1 in Fire Magic
   656 | D:5      | Reached skill level 1 in Ice Magic
   656 | D:5      | Reached skill level 1 in Air Magic
   656 | D:5      | Reached skill level 1 in Earth Magic
   656 | D:5      | Reached skill level 1 in Poison Magic
   656 | D:5      | Reached XP level 5. HP: 14/43 MP: 6/12
   680 | D:5      | Reached skill level 2 in Invocations
   680 | D:5      | Reached XP level 6. HP: 35/50 MP: 2/13
   732 | D:5      | Reached skill level 5 in Fighting
   732 | D:5      | Reached skill level 2 in Short Blades
   732 | D:5      | Reached skill level 2 in Long Blades
   732 | D:5      | Reached skill level 5 in Axes
   732 | D:5      | Reached skill level 2 in Maces & Flails
   732 | D:5      | Reached skill level 2 in Polearms
   732 | D:5      | Reached skill level 2 in Staves
   732 | D:5      | Reached skill level 2 in Slings
   732 | D:5      | Reached skill level 2 in Bows
   732 | D:5      | Reached skill level 2 in Crossbows
   732 | D:5      | Reached skill level 2 in Throwing
   732 | D:5      | Reached skill level 5 in Dodging
   732 | D:5      | Reached skill level 2 in Stealth
   732 | D:5      | Reached skill level 2 in Shields
   732 | D:5      | Reached skill level 2 in Unarmed Combat
   732 | D:5      | Reached skill level 2 in Evocations
   765 | D:5      | Learned a level 1 spell: Apportation
   767 | D:5      | Learned a level 1 spell: Animate Skeleton
   899 | D:5      | Reached * piety under Cheibriados
  1052 | D:6      | Reached XP level 7. HP: 52/56 MP: 11/15
  1075 | D:6      | Reached skill level 2 in Conjurations
  1075 | D:6      | Reached skill level 2 in Hexes
  1075 | D:6      | Reached skill level 2 in Summonings
  1075 | D:6      | Reached skill level 2 in Necromancy
  1075 | D:6      | Reached skill level 2 in Translocations
  1075 | D:6      | Reached skill level 2 in Transmutations
  1075 | D:6      | Reached skill level 2 in Fire Magic
  1075 | D:6      | Reached skill level 2 in Ice Magic
  1075 | D:6      | Reached skill level 2 in Air Magic
  1075 | D:6      | Reached skill level 2 in Earth Magic
  1075 | D:6      | Reached skill level 2 in Poison Magic
  1141 | D:7      | Reached skill level 3 in Invocations
  1216 | D:7      | Reached XP level 8. HP: 51/63 MP: 13/16
  1232 | D:7      | Reached skill level 6 in Charms
  1242 | D:7      | Reached skill level 3 in Short Blades
  1242 | D:7      | Reached skill level 3 in Long Blades
  1242 | D:7      | Reached skill level 3 in Maces & Flails
  1242 | D:7      | Reached skill level 3 in Polearms
  1242 | D:7      | Reached skill level 3 in Staves
  1242 | D:7      | Reached skill level 3 in Slings
  1242 | D:7      | Reached skill level 3 in Bows
  1242 | D:7      | Reached skill level 3 in Crossbows
  1242 | D:7      | Reached skill level 3 in Throwing
  1242 | D:7      | Reached skill level 4 in Armour
  1242 | D:7      | Reached skill level 3 in Stealth
  1242 | D:7      | Reached skill level 3 in Shields
  1242 | D:7      | Reached skill level 3 in Unarmed Combat
  1242 | D:7      | Reached skill level 3 in Evocations
  1333 | D:8      | Noticed Joseph
  1374 | D:7      | Found a sand-covered staircase.
  1381 | Ossuary  | Entered an ossuary
  1392 | Ossuary  | Reached ** piety under Cheibriados
  1507 | Ossuary  | Reached skill level 6 in Spellcasting
  1574 | Ossuary  | Reached *** piety under Cheibriados
  1653 | D:7      | Reached skill level 4 in Invocations
  1653 | D:7      | Reached skill level 3 in Conjurations
  1653 | D:7      | Reached skill level 3 in Hexes
  1653 | D:7      | Reached skill level 3 in Summonings
  1653 | D:7      | Reached skill level 3 in Necromancy
  1653 | D:7      | Reached skill level 3 in Translocations
  1653 | D:7      | Reached skill level 3 in Transmutations
  1653 | D:7      | Reached skill level 3 in Fire Magic
  1653 | D:7      | Reached skill level 3 in Ice Magic
  1653 | D:7      | Reached skill level 3 in Air Magic
  1653 | D:7      | Reached skill level 3 in Earth Magic
  1653 | D:7      | Reached skill level 3 in Poison Magic
  1660 | D:7      | Reached XP level 9. HP: 69/69 MP: 1/18
  1672 | D:7      | Reached skill level 6 in Fighting
  1672 | D:7      | Reached skill level 6 in Axes
  1672 | D:7      | Reached skill level 6 in Dodging
  1771 | D:7      | Found a stormy altar of Qazlal.
  1835 | D:8      | Reached skill level 4 in Short Blades
  1835 | D:8      | Reached skill level 4 in Long Blades
  1835 | D:8      | Reached skill level 4 in Maces & Flails
  1835 | D:8      | Reached skill level 4 in Polearms
  1835 | D:8      | Reached skill level 4 in Staves
  1835 | D:8      | Reached skill level 4 in Slings
  1835 | D:8      | Reached skill level 4 in Bows
  1835 | D:8      | Reached skill level 4 in Crossbows
  1835 | D:8      | Reached skill level 4 in Throwing
  1835 | D:8      | Reached skill level 4 in Stealth
  1835 | D:8      | Reached skill level 4 in Shields
  1835 | D:8      | Reached skill level 4 in Unarmed Combat
  1835 | D:8      | Reached skill level 4 in Evocations
  1861 | D:8      | Killed Joseph
  1861 | D:8      | Reached skill level 5 in Armour
  1968 | D:8      | Found the +11 plutonium sword {*Contam Stlth-}
  1973 | D:8      | Reached **** piety under Cheibriados
  1999 | D:8      | Noticed a two-headed ogre
  2008 | D:8      | Killed a two-headed ogre
  2008 | D:8      | Reached skill level 7 in Spellcasting
  2008 | D:8      | Reached skill level 4 in Conjurations
  2008 | D:8      | Reached skill level 4 in Hexes
  2008 | D:8      | Reached skill level 4 in Summonings
  2008 | D:8      | Reached skill level 4 in Necromancy
  2008 | D:8      | Reached skill level 4 in Translocations
  2008 | D:8      | Reached skill level 4 in Transmutations
  2008 | D:8      | Reached skill level 4 in Fire Magic
  2008 | D:8      | Reached skill level 4 in Ice Magic
  2008 | D:8      | Reached skill level 4 in Air Magic
  2008 | D:8      | Reached skill level 4 in Earth Magic
  2008 | D:8      | Reached skill level 4 in Poison Magic
  2008 | D:8      | Reached skill level 5 in Invocations
  2008 | D:8      | Reached XP level 10. HP: 76/77 MP: 13/20
  2050 | D:9      | Noticed a two-headed ogre
  2055 | D:9      | Killed a two-headed ogre
  2055 | D:9      | Reached skill level 5 in Short Blades
  2055 | D:9      | Reached skill level 5 in Long Blades
  2055 | D:9      | Reached skill level 5 in Maces & Flails
  2055 | D:9      | Reached skill level 5 in Polearms
  2055 | D:9      | Reached skill level 5 in Staves
  2055 | D:9      | Reached skill level 5 in Slings
  2055 | D:9      | Reached skill level 5 in Bows
  2055 | D:9      | Reached skill level 5 in Crossbows
  2055 | D:9      | Reached skill level 5 in Throwing
  2055 | D:9      | Reached skill level 5 in Stealth
  2055 | D:9      | Reached skill level 5 in Shields
  2055 | D:9      | Reached skill level 5 in Unarmed Combat
  2055 | D:9      | Reached skill level 7 in Charms
  2055 | D:9      | Reached skill level 5 in Evocations
  2069 | D:9      | Learned a level 3 spell: Mephitic Cloud
  2071 | D:10     | Entered Level 10 of the Dungeon
  2089 | D:10     | Noticed Bnni's ghost (journeyman OpAs)
  2098 | D:10     | Killed Bnni's ghost
  2098 | D:10     | Reached skill level 7 in Fighting
  2098 | D:10     | Reached skill level 7 in Axes
  2098 | D:10     | Reached skill level 7 in Dodging
  2121 | D:10     | Reached skill level 6 in Armour
  2148 | D:11     | Noticed a cyclops
  2154 | D:11     | Noticed a green ugly thing
  2155 | D:11     | Killed a cyclops
  2155 | D:11     | Reached skill level 6 in Invocations
  2159 | D:11     | Killed a green ugly thing
  2165 | D:12     | Noticed a two-headed ogre
  2169 | D:12     | Killed a two-headed ogre
  2169 | D:12     | Reached XP level 11. HP: 69/84 MP: 18/22
  2170 | D:12     | Noticed an unseen horror
  2181 | D:12     | Killed an unseen horror
  2229 | D:11     | Reached ***** piety under Cheibriados
  2233 | D:11     | Reached skill level 6 in Short Blades
  2233 | D:11     | Reached skill level 6 in Long Blades
  2233 | D:11     | Reached skill level 6 in Maces & Flails
  2233 | D:11     | Reached skill level 6 in Polearms
  2233 | D:11     | Reached skill level 6 in Staves
  2233 | D:11     | Reached skill level 6 in Slings
  2233 | D:11     | Reached skill level 6 in Bows
  2233 | D:11     | Reached skill level 6 in Crossbows
  2233 | D:11     | Reached skill level 6 in Throwing
  2233 | D:11     | Reached skill level 6 in Stealth
  2233 | D:11     | Reached skill level 6 in Shields
  2233 | D:11     | Reached skill level 6 in Unarmed Combat
  2233 | D:11     | Reached skill level 6 in Evocations
  2279 | D:11     | Learned a level 2 spell: Blink
  2352 | D:10     | Reached skill level 5 in Conjurations
  2352 | D:10     | Reached skill level 5 in Hexes
  2352 | D:10     | Reached skill level 5 in Summonings
  2352 | D:10     | Reached skill level 5 in Necromancy
  2352 | D:10     | Reached skill level 5 in Translocations
  2352 | D:10     | Reached skill level 5 in Transmutations
  2352 | D:10     | Reached skill level 5 in Fire Magic
  2352 | D:10     | Reached skill level 5 in Ice Magic
  2352 | D:10     | Reached skill level 5 in Air Magic
  2352 | D:10     | Reached skill level 5 in Earth Magic
  2352 | D:10     | Reached skill level 5 in Poison Magic
  2417 | D:11     | Reached skill level 8 in Spellcasting
  2875 | D:10     | Found a shimmering altar of Xom.
  2875 | D:10     | Found a shimmering altar of Xom.
  2909 | D:10     | Found a staircase to the Lair.
  2927 | Lair:1   | Entered Level 1 of the Lair of Beasts
  3083 | Lair:2   | Noticed a four-headed hydra
  3087 | Lair:2   | Killed a four-headed hydra
  3087 | Lair:2   | Reached skill level 7 in Invocations
  3093 | Lair:2   | Reached skill level 8 in Fighting
  3093 | Lair:2   | Reached skill level 8 in Axes
  3093 | Lair:2   | Reached skill level 7 in Armour
  3093 | Lair:2   | Reached skill level 8 in Dodging
  3095 | Lair:2   | Noticed teukkam's ghost (journeyman TrMo)
  3103 | Lair:2   | Killed teukkam's ghost
  3122 | Lair:2   | Got a transparent ring mail
  3133 | Lair:2   | Identified the +0 ring mail of the Grue {rC- Slay+3 Stlth+} (You found it on level 2 of the Lair of Beasts)
  3206 | Lair:4   | Found a staircase to the Shoals.
  3216 | Shoals:1 | Entered Level 1 of the Shoals
  3229 | Shoals:2 | Noticed a sea snake
  3235 | Shoals:2 | a sea snake changed into a swamp worm
  3239 | Shoals:2 | Noticed a sea snake
  3244 | Shoals:2 | Killed a sea snake
  3244 | Shoals:2 | Reached XP level 12. HP: 63/93 MP: 20/24
  3246 | Shoals:2 | Noticed a merfolk impaler
  3251 | Shoals:2 | Killed a merfolk impaler
  3251 | Shoals:2 | Reached skill level 8 in Charms
  3262 | Shoals:2 | Got a slimy dagger
  3294 | Shoals:2 | Reached skill level 7 in Short Blades
  3294 | Shoals:2 | Reached skill level 7 in Long Blades
  3294 | Shoals:2 | Reached skill level 7 in Maces & Flails
  3294 | Shoals:2 | Reached skill level 7 in Polearms
  3294 | Shoals:2 | Reached skill level 7 in Staves
  3294 | Shoals:2 | Reached skill level 7 in Slings
  3294 | Shoals:2 | Reached skill level 7 in Bows
  3294 | Shoals:2 | Reached skill level 7 in Crossbows
  3294 | Shoals:2 | Reached skill level 7 in Throwing
  3294 | Shoals:2 | Reached skill level 7 in Stealth
  3294 | Shoals:2 | Reached skill level 7 in Shields
  3294 | Shoals:2 | Reached skill level 7 in Unarmed Combat
  3294 | Shoals:2 | Reached skill level 7 in Evocations
  3350 | Shoals:4 | Entered Level 4 of the Shoals
  3350 | Shoals:4 | Noticed a merfolk aquamancer
  3364 | Shoals:4 | Noticed a merfolk javelineer
  3364 | Shoals:4 | Reached skill level 6 in Conjurations
  3364 | Shoals:4 | Reached skill level 6 in Hexes
  3364 | Shoals:4 | Reached skill level 6 in Summonings
  3364 | Shoals:4 | Reached skill level 6 in Necromancy
  3364 | Shoals:4 | Reached skill level 6 in Translocations
  3364 | Shoals:4 | Reached skill level 6 in Transmutations
  3364 | Shoals:4 | Reached skill level 6 in Fire Magic
  3364 | Shoals:4 | Reached skill level 6 in Ice Magic
  3364 | Shoals:4 | Reached skill level 6 in Air Magic
  3364 | Shoals:4 | Reached skill level 6 in Earth Magic
  3364 | Shoals:4 | Reached skill level 6 in Poison Magic
  3365 | Shoals:4 | Noticed an alligator snapping turtle
  3366 | Shoals:4 | Noticed Ilsuiw
  3366 | Shoals:4 | Noticed an alligator snapping turtle
  3366 | Shoals:4 | Killed a merfolk aquamancer
  3368 | Shoals:4 | Noticed a merfolk aquamancer
  3369 | Shoals:4 | Noticed a merfolk impaler
  3369 | Shoals:4 | Reached skill level 8 in Invocations
  3373 | Shoals:4 | Reached skill level 9 in Spellcasting
  3373 | Shoals:4 | Killed a merfolk aquamancer
  3373 | Shoals:4 | HP: 7/94 [alligator snapping turtle (31)]
  3374 | Shoals:4 | Mangled by an alligator snapping turtle

Skill      XL: |  1  2  3  4  5  6  7  8  9 10 11 12 |
---------------+-------------------------------------+-----
Spellcasting   | 5 6 7 8 9 |  9.0
Invocations    | 1 2 3 4 5 6 7 8 |  8.1
Short Blades   | 1 2 3 4 5 6 7 |  7.4
Long Blades    | 1 2 3 4 5 6 7 |  7.4
Maces & Flails | 1 2 3 4 5 6 7 |  7.4
Polearms       | 1 2 3 4 5 6 7 |  7.4
Staves         | 1 2 3 4 5 6 7 |  7.4
Slings         | 1 2 3 4 5 6 7 |  7.4
Bows           | 1 2 3 4 5 6 7 |  7.4
Crossbows      | 1 2 3 4 5 6 7 |  7.4
Throwing       | 1 2 3 4 5 6 7 |  7.4
Stealth        | 1 2 3 4 5 6 7 |  7.4
Shields        | 1 2 3 4 5 6 7 |  7.4
Unarmed Combat | 1 2 3 4 5 6 7 |  7.4
Evocations     | 1 2 3 4 5 6 7 |  7.4
Armour         | 3 4 5 6 7 |  7.9
Conjurations   | 1 2 3 4 5 6 |  6.1
Hexes          | 1 2 3 4 5 6 |  6.1
Summonings     | 1 2 3 4 5 6 |  6.1
Necromancy     | 1 2 3 4 5 6 |  6.1
Translocations | 1 2 3 4 5 6 |  6.1
Transmutations | 1 2 3 4 5 6 |  6.1
Fire Magic     | 1 2 3 4 5 6 |  6.1
Ice Magic      | 1 2 3 4 5 6 |  6.1
Air Magic      | 1 2 3 4 5 6 |  6.1
Earth Magic    | 1 2 3 4 5 6 |  6.1
Poison Magic   | 1 2 3 4 5 6 |  6.1
Fighting       | 5 6 7 8 |  8.8
Axes           | 5 6 7 8 |  8.8
Dodging        | 5 6 7 8 |  8.8
Charms         | 6 7 8 |  8.3

Action                   |  1- 3 |  4- 6 |  7- 9 | 10-12 || total
-------------------------+-------+-------+-------+-------++-------
Melee: Hand axe          |    25 |       |   124 |       ||   149
       Bite              |     3 |     6 |    44 |    25 ||    78
       Short sword       |    19 |    52 |    76 |       ||   147
       Punch             |       |     1 |     7 |       ||     8
       Flail             |       |       |     7 |       ||     7
       Quarterstaff      |       |       |    14 |       ||    14
       Triple sword      |       |       |     5 |   119 ||   124
 Fire: Hunting sling     |       |       |     1 |       ||     1
Throw: Javelin           |       |       |       |     5 ||     5
 Cast: Infusion          |    10 |     4 |       |       ||    14
       Shroud of Golubri |       |     3 |     7 |     2 ||    12
       Spectral Weapon   |       |     9 |    22 |    28 ||    59
       Regeneration      |       |     1 |    10 |     9 ||    20
       Song of Slaying   |       |       |     7 |     7 ||    14
       Apportation       |       |       |       |    53 ||    53
       Animate Skeleton  |       |       |       |     2 ||     2
       Mephitic Cloud    |       |       |       |     1 ||     1
Invok: Slouch            |       |       |       |     3 ||     3
Evoke: Wand              |       |     1 |     5 |    18 ||    24
  Use: Scroll            |       |     6 |     8 |     5 ||    19
       Potion            |       |     1 |     3 |     2 ||     6
 Stab: Sleeping          |       |       |     2 |     6 ||     8
       Distracted        |       |       |     1 |     1 ||     2
  Eat: Chunk             |       |     1 |     2 |     3 ||     6
       Ration            |       |       |     1 |       ||     1
Armor: Leather armour    |     7 |    12 |    40 |       ||    59
       Ring mail         |       |       |       |    61 ||    61
Dodge: Dodged            |    18 |    39 |   154 |   156 ||   367
       Rpst.: Triple sword |       |       |     1 |    34 ||    35

Table legend:
 A = Turns spent in this place as a percentage of turns spent in the entire game.
 B = Non-inter-level travel turns spent in this place as a percentage of non-inter-level travel turns spent in the entire game.
 C = Inter-level travel turns spent in this place as a percentage of turns spent in this place.
 D = Turns resting spent in this place as a percentage of non-inter-level travel turns spent in this place.
 E = Turns spent auto-exploring this place as a percentage of non-inter-level travel turns spent in this place.
 F = Non-inter-level travel turns spent in this place divided by the number of levels of this place that you've seen.
                   A       B       C       D       E      F
               +-------+-------+-------+-------+-------+----------------------
         Total | 100.0 | 100.0 |   1.5 |   0.0 |   0.0 | 151.0
       Dungeon |  78.5 |  78.8 |   1.1 |   0.0 |   0.0 | 218.1
        Temple |   1.9 |   1.3 |  32.8 |   0.0 |   0.0 |  43.0
          Lair |   8.6 |   8.7 |   0.0 |   0.0 |   0.0 |  72.2
        Shoals |   4.7 |   4.8 |   0.0 |   0.0 |   0.0 |  39.5
       Ossuary |   6.4 |   6.5 |   0.0 |   0.0 |   0.0 | 216.0
               +-------+-------+-------+-------+-------+----------------------

Table legend:
 A = Kills in this place as a percentage of kills in entire the game.
 B = Kills by you in this place as a percentage of kills by you in the entire game.
 C = Kills by friends in this place as a percentage of kills by friends in the entire game.
 D = Other kills in this place as a percentage of other kills in the entire game.
 E = Experience gained in this place as a percentage of experience gained in the entire game.
 F = Experience gained in this place divided by the number of levels of this place that you have seen.
                   A       B       C       D       E      F
               +-------+-------+-------+-------+-------+----------------------
         Total | 100.0 | 100.0 | 100.0 |   N/A | 100.0 | 1255.8
       Dungeon |  65.0 |  64.8 | 100.0 |   N/A |  44.2 | 1018.5
          Lair |   9.0 |   9.0 |   0.0 |   N/A |  19.2 | 1327.0
        Shoals |   9.0 |   9.0 |   0.0 |   N/A |  34.6 | 2391.8
       Ossuary |  17.0 |  17.1 |   0.0 |   N/A |   1.9 | 531.0
               +-------+-------+-------+-------+-------+----------------------

Vault maps used:
D:1:      dpeg_arrival_stonehenge_12_columns, minivault_11
D:2:      minitemple
D:3:      nemelex_diamond_rough_becter, uniq_ijyb
D:4:      overflow_temple_1_default, minmay_temple_entry_glass, first_ration
D:7:      grunt_qazlal_clouds, chequers_ossuary_entry_cave,
          minmay_misc_feat_nine_boxes, grunt_ministairs_1, the_bakery,
          st_stairs_5, kennysheep_generic_room_16
D:8:      st_stairs_13, uniq_joseph
D:10:     david_lair_shrubbed, xom_redecorated
D:11:     okawaru_ov_weapons_minmay
D:12:     hiddenorc1_lemuel
Temple:   nicolae_temple_elliptical
Lair:1:   beast_lair_carwin_7
Lair:2:   nzn_random_ring, grunt_megastairs_3
Lair:4:   minmay_shoals_entry_hut, spider_nest_entry_funnel_web,
          nicolae_volcano_entry_batcave, uniq_nessos, uniq_kirke, uniq_snorg
Shoals:2: serial_shops, shop, uniq_louise
Shoals:3: nicolae_shoals_island_circles, uniq_polyphemus
Shoals:4: shoals_end_grunt_ice, shoals_ilsuiw_ice
Ossuary:  minmay_ossuary_two_tombs
